 Dungeon Crawl Stone Soup version 0.26-a0-597-gb535b0901c (webtiles) character file.

Game seed: 3240084810383270969

10868 vurker the Cleaver (level 11, -4/101 HPs)
             Began as a Palentonga Fighter on Sept 14, 2020.
             Was a High Priest of Makhleb.
             Slain by a death yak (18 damage)
             ... in a Gauntlet.
             The game lasted 00:14:20 (12446 turns).

vurker the Cleaver (Palentonga Fighter)            Turns: 12446, Time: 00:14:20

Health: -4/101     AC: 17    Str: 22    XL:     11   Next: 41%
Magic:  17/17      EV:  1    Int: 10    God:    Makhleb [*****.]
Gold:   570        SH: 10    Dex:  9    Spells: 10/10 levels left

rFire    . . .     SeeInvis +   a - +0 war axe
rCold    . . .     Faith    .   c - +0 kite shield
rNeg     . . .     Spirit   .   k - +0 plate armour
rPois    .         Reflect  .   f - +2 hat
rElec    .         Harm     .   y - +0 cloak
rCorr    .         NoTele   +   (no gloves)
MR       .....                  A - +1 barding
Stlth    ..........             t - amulet of the acrobat
HPRegen  0.26/turn              w - ring of flight
MPRegen  0.15/turn              (no ring)

@: no status effects
A: large, rugged brown scales 3, see invisible, deformed body, roll, armoured
tail
a: Rolling Charge, Minor Destruction, Lesser Servant of Makhleb, Major
Destruction, Greater Servant of Makhleb, Renounce Religion, Evoke Flight


You were in a Gauntlet.
You worshipped Makhleb.
Makhleb was extremely pleased with you.
You visited 1 branch of the dungeon, and saw 11 of its levels.
You also visited: Sewer and Gauntlet.

You collected 570 gold pieces.

Inventory:

Hand Weapons
 a - a +0 war axe (weapon)
 b - a +1 whip of freezing
   (You took it off Pikel on level 9 of the Dungeon)
Missiles
 r - a throwing net (quivered)
Armour
 c - a +0 kite shield (worn)
 f - a +2 hat (worn)
   (You found it on level 1 of the Dungeon)
 k - a +0 plate armour (worn)
   (You took it off an orc warrior on level 7 of the Dungeon)
 q - a +0 helmet
   (You took it off Robin on level 4 of the Dungeon)
 y - a +0 cloak (worn)
   (You found it on level 4 of the Dungeon)
 A - a +1 barding (worn)
   (You found it on level 4 of the Dungeon)
Jewellery
 t - an amulet of the acrobat (around neck)
   (You took it off an orc on level 7 of the Dungeon)
 w - a ring of flight (left hand)
   (You found it on level 8 of the Dungeon)
 D - an uncursed amulet of faith {unknown}
   (You found it on level 9 of the Dungeon)
Wands
 i - a wand of polymorph (24)
   (You found it on level 6 of the Dungeon)
 o - a wand of enslavement (8)
   (You found it on level 7 of the Dungeon)
 u - a wand of paralysis (12)
   (You found it on level 8 of the Dungeon)
 v - a wand of digging (3)
   (You took it off an orc on level 10 of the Dungeon)
Scrolls
 j - 2 scrolls of enchant armour
 n - 5 scrolls of teleportation
 p - 5 scrolls of fear
 C - a scroll of summoning
 E - 5 scrolls of blinking
 F - a scroll of remove curse
 H - a scroll of magic mapping
Potions
 d - 3 potions of might
 e - a potion of mutation {unknown}
 g - a potion of magic {unknown}
 h - 3 potions of flight
 l - 4 potions of curing
 m - 3 potions of haste
 s - 2 potions of ambrosia {unknown}
 x - a potion of brilliance {unknown}
 z - 2 potions of lignification {unknown}
 B - 2 potions of berserk rage {unknown}
 G - 2 potions of heal wounds
 I - a potion of cancellation {unknown}


   Skills:
 + Level 8.9 Fighting
 * Level 11.6 Axes
 - Level 2.4 Armour
 + Level 7.3 Shields
 + Level 8.6 Invocations


You had 10 spell levels left.
You didn't know any spells.
Your spell library contained the following spells:

 Spells                   Type           Power        Failure   Level
 Animate Skeleton         Necr           #.....       100%        1
 Apportation              Tloc           #.....       100%        1
 Corona                   Hex            #......      100%        1
 Sting                    Tmut/Pois      #...         100%        1
 Summon Small Mammal      Summ           #...         100%        1
 Passwall                 Tmut/Erth      #.......     100%        2
 Wereblood                Tmut           #.......     100%        2
 Blade Hands              Tmut           #.........   100%        5
 Summon Forest            Summ/Tloc      #.........   100%        5


Dungeon Overview and Level Annotations

Branches:
Dungeon (11/15)            Temple (0/1) D:5            Lair (0/6) D:10
    Orc (0/2) D:10          Sewer (visited)         Gauntlet (1/1)

Altars:
Ashenzari
Dithmenos
Elyvilon
Fedhas
Gozag
Hepliaklqana
Kikubaaqudgha
Makhleb
Qazlal
Ru
Sif Muna
Vehumet
Xom

Shops:
D:9 *

Annotations:
D:5 3 runed translucent doors, Lanoc's ghost, amateur TrAr
D:7 2 transporters Gauntlet 7 transporters


Innate Abilities, Weirdness & Mutations

You are completely covered in rugged brown scales. (AC +3, +7% HP)
You have supernaturally acute eyesight. (SInv)
Armour fits poorly on your strangely shaped body.
You can roll at foes to attack.
You have a long armoured tail.


Message History

You feel better. The death yak gores your hellwing!
The death yak closely misses your hellwing.
You swap places.
You block the death yak's attack. x2
The necromancer mumbles some strange words.
The necromancer binds the souls of nearby monsters.
There is an open translucent gate, spattered with blood here.
The death yak gores your hellwing! You block the necromancer's attack.
The death yak gores you but does no damage.
You slash the death yak! You slash the necromancer!
Your hellwing hits the death yak!
Your hellwing barely misses the death yak.
The death yak gores your hellwing but does no damage.
The death yak gores you but does no damage.
The necromancer hits you but does no damage.
Your plate armour prevents you from hitting the necromancer.
You hit the death yak.
Your hellwing hits the death yak but does no damage.
Your hellwing completely misses the death yak.
The death yak gores your hellwing! You block the death yak's attack.
The necromancer hits you but does no damage.
You completely miss the necromancer. You tail-slap the necromancer!
You barely miss the death yak. The death yak gores your hellwing!
Your hellwing hits the death yak.
Your hellwing barely misses the death yak.
You slash the necromancer!
Your tail-slap misses the necromancer.
You hit the death yak but do no damage. The necromancer casts a spell at you.
The bolt of fire hits you! The death yak gores you!
Your hellwing hits the death yak! Your hellwing hits the death yak.
The death yak closely misses your hellwing.
You slice the necromancer!!
You kill the necromancer!
Makhleb accepts your kill.
You feel better.
You hit the death yak but do no damage. The death yak gores you!
You hit the death yak. The death yak gores your hellwing!
Your hellwing dies!
The death yak gores you but does no damage.
The jumping spider hisses angrily.
You hit the death yak but do no damage. You hit the death yak.
You block the death yak's attack.
The wolf spider hisses angrily.
You hit the death yak but do no damage. You hit the death yak.
The death yak gores you!
* * * LOW HITPOINT WARNING * * *
You block the death yak's attack.
A demon appears!
The death yak gores you!!
* * * LOW HITPOINT WARNING * * *
The death yak gores you!!
You die...

#...#.8.#©...#.8..##
#...#...#8..©#....≈##
#≈≈≈#...#########.≈≈#
##≈###..#..#©...#.≈##
## ##.#..#.##.#.##
##≈.#..#.##.#.≈##
#≈≈.#..#....#.≈≈#
##≈.#3YY†'###.≈##
##.#.@#.#?"#.##
##≈.#..#©#..#.≈##
#≈≈.#########.≈≈#
##≈.#8..©#....≈##
##.#©...#.8..##
##≈.#8..©#....≈##
#≈≈.#########.≈≈#
##≈.##s#a#s##.≈##
##.#.#.#.#.#.##


You could see 2 death yaks, an entropy weaver, a wolf spider, a jumping spider
and a friendly smoke demon (summoned).

Vanquished Creatures
  Snorg (D:10)
  3 death yaks (Gauntlet)
  Pikel (D:9)
  A necromancer (Gauntlet)
  A gargoyle (D:10)
  A hornet (D:8)
  2 hippogriffs (D:7)
  Sigmund (D:4)
  2 shadows (Gauntlet)
  A ynoxinul (Gauntlet)
  A wyvern (D:11)
  4 yaks (D:10)
  Menkaure (D:4)
  A soldier ant (D:11)
  Duvessa (D:4)
  3 sky beasts
  4 orc warriors
  An ice beast (D:7)
  A phantom (D:4)
  7 ogres
  A crocodile (D:8)
  5 centaurs
  2 lemures (D:9)
  A big kobold (D:7)
  7 bullfrogs
  Dowan (D:4)
  A water moccasin zombie (D:7)
  2 scorpions
  6 killer bees (D:10)
  3 vampire bats (D:5)
  A howler monkey (D:5)
  2 bullfrog zombies
  A centaur zombie (D:6)
  2 jellies (D:5)
  4 orc priests
  3 hounds
  2 centaur skeletons
  13 orc wizards
  3 iguanas
  2 iron imps (Gauntlet)
  10 worker ants
  2 killer bee zombies
  Robin (D:4)
  9 adders
  4 gnolls (D:5)
  2 river rats (D:4)
  2 shadow imps
  A white imp (D:8)
  An ufetubus (D:5)
  2 oozes (D:1)
  2 adder skeletons (D:5)
  An adder zombie (D:5)
  3 worms
  A dart slug (D:3)
  3 leopard geckos
  39 orcs
  5 ball pythons
  8 bats
  4 bat skeletons (D:5)
  A bat zombie (D:5)
  7 giant cockroaches
  20 goblins
  12 hobgoblins
  18 jackals
  16 kobolds
  7 quokkas
  12 frilled lizards
  2 jackal skeletons (D:4)
  A leopard gecko zombie (D:5)
  9 rats
305 creatures vanquished.

Vanquished Creatures (collateral kills)
  A sixfirhy (Gauntlet)
  A hippogriff (D:8)
  3 killer bees (D:10)
  A hound (D:6)
  An adder (D:8)
  2 ufetubi (Gauntlet)
  A leopard gecko (D:6)
10 creatures vanquished.

Vanquished Creatures (others)
  15 plants (Sewer)
15 creatures vanquished.

Grand Total: 330 creatures vanquished

Notes
Turn   | Place    | Note
-------+----------+-------------------------------------------
     0 | D:1      | vurker the Palentonga Fighter began the quest for the Orb.
     0 | D:1      | Reached XP level 1. HP: 20/20 MP: 1/1
   226 | D:1      | Reached XP level 2. HP: 27/27 MP: 2/2
   775 | D:2      | Reached XP level 3. HP: 33/33 MP: 3/3
   922 | D:2      | Reached skill level 3 in Axes
  1280 | D:2      | Reached XP level 4. HP: 40/40 MP: 4/4
  1309 | D:2      | Found a burning altar of Makhleb.
  1309 | D:2      | Found a radiant altar of Vehumet.
  1367 | D:2      | Became a worshipper of Makhleb the Destroyer
  1722 | D:3      | Found a hazy altar of Hepliaklqana.
  1757 | D:3      | Found a white marble altar of Elyvilon.
  1969 | D:3      | Reached XP level 5. HP: 47/49 MP: 5/5
  2037 | D:3      | Found a blossoming altar of Fedhas.
  2044 | D:3      | Reached skill level 1 in Invocations
  2316 | D:3      | Reached skill level 4 in Axes
  2321 | D:3      | Reached * piety under Makhleb
  2621 | D:4      | Noticed Robin
  2635 | D:4      | Killed Robin
  2885 | D:4      | Noticed Sigmund
  2900 | D:4      | Killed Sigmund
  2900 | D:4      | Reached skill level 5 in Axes
  2900 | D:4      | Reached XP level 6. HP: 54/56 MP: 7/7
  2997 | D:4      | Reached ** piety under Makhleb
  3002 | D:4      | Reached XP level 7. HP: 41/64 MP: 8/8
  3202 | D:4      | Found a glowing drain.
  3206 | Sewer    | Entered a sewer
  3977 | D:4      | Noticed Duvessa
  3977 | D:4      | Noticed Dowan
  3992 | D:4      | Killed Duvessa
  3993 | D:4      | Killed Dowan
  3993 | D:4      | Reached skill level 5 in Fighting
  3993 | D:4      | Reached skill level 6 in Axes
  4295 | D:4      | Found an opulent altar of Gozag.
  4509 | D:4      | Noticed Menkaure
  4529 | D:4      | Killed Menkaure
  4529 | D:4      | Reached *** piety under Makhleb
  4529 | D:4      | Reached XP level 8. HP: 25/72 MP: 10/10
  4775 | D:4      | Found a shimmering altar of Xom.
  4940 | D:5      | Entered Level 5 of the Dungeon
  5292 | D:5      | Noticed Lanoc's ghost (amateur TrAr)
  5313 | D:5      | Found a runed translucent gate.
  5313 | D:5      | Found a runed translucent gate.
  5313 | D:5      | Found a runed translucent gate.
  5369 | D:5      | Found a stormy altar of Qazlal.
  5387 | D:5      | Reached skill level 7 in Axes
  5679 | D:5      | Found a staircase to the Ecumenical Temple.
  6338 | D:5      | Reached **** piety under Makhleb
  6354 | D:5      | Found an ancient bone altar of Kikubaaqudgha.
  6384 | D:5      | Reached skill level 5 in Invocations
  6626 | D:6      | Reached skill level 5 in Shields
  6697 | D:6      | Reached XP level 9. HP: 80/80 MP: 12/12
  7141 | D:7      | Reached skill level 8 in Axes
  7453 | D:7      | Reached skill level 9 in Axes
  7775 | D:7      | Found a sacrificial altar of Ru.
  7859 | D:7      | Found a transporter.
  7870 | D:7      | Noticed a kobold demonologist
  7885 | D:7      | Found a transporter.
  8025 | D:8      | Identified the Papyrus of the Compass and Transformation
  8133 | D:8      | Found a shattered altar of Ashenzari.
  8170 | D:8      | Found a sacrificial altar of Ru.
  8171 | D:8      | Found a shadowy altar of Dithmenos.
  8178 | D:8      | Reached ***** piety under Makhleb
  8178 | D:8      | Reached XP level 10. HP: 92/92 MP: 14/14
  8798 | D:8      | Paralysed by a hornet for 2 turns
  9206 | D:9      | Noticed Pikel
  9221 | D:9      | Killed Pikel
  9221 | D:9      | Reached skill level 10 in Axes
  9640 | D:9      | Found Jearch's Assorted Antiques.
  9879 | D:9      | Found a shimmering blue altar of Sif Muna.
  9943 | D:10     | Entered Level 10 of the Dungeon
  9946 | D:10     | Noticed Snorg
  9958 | D:10     | Killed Snorg
 10516 | D:10     | Found a staircase to the Lair.
 10544 | D:10     | Noticed a gargoyle
 10562 | D:10     | Killed a gargoyle
 10795 | D:10     | Found a staircase to the Orcish Mines.
 11567 | D:11     | Reached skill level 11 in Axes
 11567 | D:11     | Reached XP level 11. HP: 101/101 MP: 16/16
 11808 | D:11     | Found a gate leading to a gauntlet.
 11843 | Gauntlet | Entered a Gauntlet
 11843 | Gauntlet | Found a transporter.
 11853 | Gauntlet | Found a transporter.
 11856 | Gauntlet | Found a transporter.
 11857 | Gauntlet | Found a transporter.
 11864 | Gauntlet | Noticed a sixfirhy
 11865 | Gauntlet | Found a transporter.
 11868 | Gauntlet | Found a transporter.
 11870 | Gauntlet | Found a transporter.
 11878 | Gauntlet | Found a transporter.
 11880 | Gauntlet | Found a transporter.
 11881 | Gauntlet | Found a transporter.
 11884 | Gauntlet | Noticed a death yak
 11885 | Gauntlet | Noticed a death yak
 11886 | Gauntlet | Noticed a death yak
 11887 | Gauntlet | Found a runed translucent gate.
 11887 | Gauntlet | Found a runed translucent gate.
 11887 | Gauntlet | Found a runed translucent gate.
 11887 | Gauntlet | Noticed a death yak
 11887 | Gauntlet | Noticed a death yak
 11887 | Gauntlet | Noticed a necromancer
 11889 | Gauntlet | Found a transporter.
 11892 | Gauntlet | Found a transporter.
 11893 | Gauntlet | Found a transporter.
 11895 | Gauntlet | Noticed a wolf spider
 11898 | Gauntlet | Noticed an entropy weaver
 11902 | Gauntlet | Found a transporter.
 12022 | Gauntlet | Killed a sixfirhy
 12426 | Gauntlet | Killed a death yak
 12434 | Gauntlet | Killed a death yak
 12435 | Gauntlet | Killed a death yak
 12442 | Gauntlet | Killed a necromancer
 12446 | Gauntlet | Slain by a death yak

Illustrated notes

Levels and vault maps discovered:
D:1:      saegor_arrival_simple_a, layout_basic
D:2:      layout_rooms, chequers_temple_overflow_statue_of_worship,
          minmay_misc_feat_encased, minmay_tromino_i4
D:3:      layout_loops_corners, elyvilon_altar_3, marbit_many_paths,
          fedhas_altar_fruit_tree
D:4:      layout_cave_pods, kennysheep_mini_moat, lemuel_crystal_altar,
          gup_sewer_entry_spiral, uniq_menkaure, uniq_sigmund, uniq_robin,
          uniq_duvessa
D:5:      layout_loops_corners, kennysheep_vampire_church,
          nicolae_overflow_crystal_walls, minmay_temple_entry_antechambers,
          gammafunk_ghost_icy
D:6:      layout_cave_pools, minivault_14, minivault_25
D:7:      gammafunk_wand_slinger, layout_gridville,
          nicolae_ru_the_path_less_chosen
D:8:      layout_basic, grunt_temple_overflow_open, lemuel_doored_altar
D:9:      layout_irregular_city, lemuel_coloured_pillars_altar, serial_shops,
          nicolae_shop_statue_plus, uniq_pikel
D:10:     layout_roguey, lair_entry_dummy, orc_0_dummy, uniq_snorg
D:11:     layout_loops_ring, gauntlet_entry_generic, serial_shops,
          nicolae_shop_waterfront, basic_altar, minmay_another_anthill
Gauntlet: gammafunk_gauntlet_77_escape_option [minmay_gauntlet_arena_77_mirror,
          minmay_gauntlet_arena_77_p_blocks, minmay_gauntlet_arena_77_box,
          minmay_gauntlet_arena_77_run_for_it,
          minmay_gauntlet_arena_77_checkered, gauntlet_exit_spiral]

Skill      XL: |  1  2  3  4  5  6  7  8  9 10 11 |
---------------+----------------------------------+-----
Axes           | 3 5 6 7 9 11 | 11.6
Shields        | 3 4 5 6 7 |  7.3
Invocations    | 2 3 5 6 7 8 |  8.6
Fighting       | 4 5 6 7 8 |  8.9
Armour         | |  2.4

Action                   |  1- 3 |  4- 6 |  7- 9 | 10-12 || total
-------------------------+-------+-------+-------+-------++-------
Melee: War axe           |    96 |   159 |   483 |   386 ||  1124
       Tailslap          |    12 |    15 |    51 |    42 ||   120
Invok: Lesser Servant of |       |       |       |     7 ||     7
Evoke: Wand              |       |       |       |     1 ||     1
  Use: Potion            |       |       |     5 |     2 ||     7
       Scroll            |       |       |    17 |       ||    17
 Stab: Distracted        |       |       |       |     1 ||     1
Armor: Scale mail        |    59 |    98 |   222 |       ||   379
       Plate armour      |       |       |    89 |   231 ||   320
Dodge: Dodged            |    28 |    37 |    76 |    34 ||   175
Block: Kite shield       |    52 |    92 |   272 |   208 ||   624

Table legend: (Time is in decaauts)
 A = Elapsed time spent in this place.
 B = Non-inter-level travel time spent in this place.
 C = Inter-level travel time spent in this place.
 D = Time resting spent in this place.
 E = Time spent auto-exploring this place.
 F = Levels seen in this place.
 G = Mean time per level.
                   A        B        C        D        E       F      G
               +--------+--------+--------+--------+--------+-----+--------+
         Total |  12824 |  12578 |    246 |    297 |   9958 |  13 |  986.5 |
       Dungeon |  11453 |  11207 |    246 |      0 |   9183 |  11 | 1041.2 |
         Sewer |    770 |    770 |      0 |      0 |    603 |   1 |  770.0 |
      Gauntlet |    600 |    600 |      0 |    297 |    171 |   1 |  600.0 |
               +--------+--------+--------+--------+--------+-----+--------+

Top non-repeatable levels by time:
     D:4: 1797 daAuts
    D:10: 1611 daAuts
     D:5: 1593 daAuts
     D:3: 1185 daAuts
     D:8: 1145 daAuts
     D:7: 901 daAuts
     D:9: 794 daAuts
     D:1: 781 daAuts
   Sewer: 770 daAuts
     D:2: 731 daAuts
     D:6: 624 daAuts
Gauntlet: 600 daAuts
    D:11: 286 daAuts
